 Dungeon Crawl Stone Soup version 0.18-a0-2-g0e512fa (webtiles) character file.

1198 DarthRa the Covert (level 8, -2/44 HPs)
             Began as a Vine Stalker Wanderer on Oct 31, 2015.
             Slain by a yak (5 damage)
             ... on level 5 of the Dungeon.
             The game lasted 00:32:13 (4952 turns).

DarthRa the Covert (Vine Stalker Wanderer)          Turns: 4952, Time: 00:32:13

Health: -2/44      AC:  3    Str: 14    XL:     8   Next: 44%
Magic:  0/9        EV: 12    Int: 11    God:
Gold:   366        SH:  0    Dex: 18    Spells: 0 memorised, 7 levels left

rFire  . . .     SeeInvis .     I - +2 trident of Tueck {freeze, rC- rN+ MR+++ Stlth+} (curse)
rCold  x . .     Clarity  .     o - +0 leather armour
rNeg   + . .     SustAt   .     (no shield)
rPois  .         Gourm    +     (no helmet)
rElec  .         Spirit   +     (no cloak)
rCorr  .         Warding  .     (no gloves)
rMut   .         Stasis   .     (no boots)
MR     ++++.                    J - amulet of the gourmand
Stlth  ++++++....               (no ring)
                                (no ring)

@: incredibly resistant to hostile enchantments, very stealthy
A: fangs 3, regeneration 2, magic shield, antimagic bite, no device heal 3, rot
immunity
a: no special abilities


You were on level 5 of the Dungeon.
You were hungry.

You visited 1 branch of the dungeon, and saw 6 of its levels.

You collected 366 gold pieces.

Inventory:

Hand Weapons
 a - a +2 shortbow
 b - a +1 dagger of draining
 g - a +0 short sword
 C - a +1 flail of pain
 I - the cursed +2 trident of Tueck (weapon) {freeze, rC- rN+ MR+++ Stlth+}
   (You found it on level 5 of the Dungeon)

   It has been specially enchanted to freeze those struck by it, causing extra
   injury to most foes and up to half again as much damage against particularly
   susceptible opponents.
   It can also slow down cold-blooded creatures.
   It makes you vulnerable to cold.
   It protects you from negative energy.
   It affects your resistance to hostile enchantments.
   It makes you more stealthy.
   It has a curse placed upon it.
Missiles
 i - 28 arrows
Armour
 o - a +0 leather armour (worn)
Jewellery
 J - an amulet of the gourmand (around neck)
Wands
 v - a wand of confusion (36)
 A - a wand of random effects (31)
Scrolls
 f - 2 scrolls of identify
 j - a scroll of immolation {unknown}
 l - a scroll of noise {unknown}
 n - a scroll of teleportation {unknown}
 s - 3 scrolls of remove curse
 t - 2 scrolls of magic mapping
 w - 2 scrolls of enchant weapon {unknown}
 y - a scroll of amnesia {unknown}
 D - a scroll of random uselessness {unknown}
 F - a scroll of vulnerability {unknown}
 G - a scroll of fear {unknown}
Potions
 c - a potion of resistance {unknown}
 d - 2 potions of curing
 h - 2 potions of lignification {unknown}
 p - 2 potions of heal wounds {unknown}
 q - a potion of cancellation {unknown}
 r - a potion of poison {unknown}
 u - a potion of degeneration {unknown}
 B - 2 potions of brilliance {unknown}
 E - a potion of flight {unknown}
Books
 H - a book of the Dragon

   Spells                             Type                      Level
   a - Flame Tongue                   Conjuration/Fire             1
   b - Cause Fear                     Hexes                        4
   c - Bolt of Fire                   Conjuration/Fire             6
   d - Dragon Form                    Transmutation                7
   e - Dragon's Call                  Summoning                    9
Comestibles
 e - 4 bread rations
 k - 4 meat rations
 m - 5 fruits
 x - a slice of pizza
 z - a beef jerky


   Skills:
 - Level 5.4 Fighting
 - Level 2.8 Short Blades
 * Level 0.0 Polearms
 - Level 1.0 Bows
 - Level 1.0 Throwing
 - Level 1.0 Armour
 + Level 1.5 Dodging
 - Level 11.4 Stealth


You had 7 spell levels left.
You didn't know any spells.

Dungeon Overview and Level Annotations

Branches:
Dungeon (6/15)
 Temple: D:4-7

Altars:
Elyvilon
Qazlal
Sif Muna
Xom

Annotations:
D:5 Menkaure


Innate Abilities, Weirdness & Mutations

You have razor-sharp teeth.
You heal very quickly.
When hurt, damage is shared between your health and your magic reserves.
Your bite disrupts and absorbs the magic of your enemies.
Potions and wands cannot restore your health.
You are immune to rotting.


Message History

* * * LOW HITPOINT WARNING * * *
The yak barely misses you.
Evoke which item? (* to show all) (? for menu, Esc to quit)
Okay, then.
Read which item? (? for menu, Esc to quit)
Okay, then.
Drink which item? (? for menu, Esc to quit)
You have no ailments to cure.
Read which item? (? for menu, Esc to quit)
Okay, then.
Sorry, you're not good enough to have a special ability.
Evoke which item? (* to show all) (? for menu, Esc to quit)
Zapping:
v - a wand of confusion (37)
Press: ? - help, Shift-Dir - straight line, f - yak
Aim: a yak (moderately wounded, chance to defeat MR: 46%)
The yak resists with some effort.
This wand has 36 charges left.
The gnoll hits you with a whip.
* * * LOW HITPOINT WARNING * * *
The yak closely misses you. The yak gores you.
You die...

..# #.....#.##.......# ..#
#.###...##.......####### ..#
#.# #...##.............. ..#
#####.###...##.......#######
..# #......##.#.##########
..# #.(....##.#.# ..#
#......##.#.# ..#
#......##.#Y# ..#
##......##.#@# ###
#.......##.gY#
#......<+..#.#
#.......##.#.# ########
#####..........#.###
#.......
......##...........#
#.######
...##.##...........#
#.#.....
...................#
#.#.####
####.####..######### #.#.#


You could see 2 yaks and a gnoll.

Vanquished Creatures
  A yak (D:6)
  A hungry ghost (D:4)
  An orc warrior (D:6)
  A phantom (D:5)
  An ogre (D:4)
  2 giant frogs
  2 crimson imps
  2 hounds
  3 orc wizards (D:5)
  A giant frog skeleton (D:4)
  Jessica (D:2)
  A worker ant (D:4)
  A hound skeleton (D:4)
  7 adders
  4 gnolls (D:6)
  A shadow imp (D:5)
  An ooze (D:1)
  An adder skeleton (D:4)
  3 worms
  2 giant geckos
  8 orcs
  5 giant cockroaches
  6 hobgoblins
  5 jackals
  6 bats
  6 giant newts
  9 goblins
  A jackal zombie (D:5)
  10 kobolds
  A quokka (D:3)
  A quokka skeleton (D:4)
  4 rats
99 creatures vanquished.

Notes
Turn   | Place    | Note
--------------------------------------------------------------
     0 | D:1      | DarthRa the Vine Stalker Wanderer began the quest for the Orb.
     0 | D:1      | DarthRa set off with: a +2 shortbow, 20 arrows, a +0 ring mail, a potion of curing, a bread ration
     0 | D:1      | Reached XP level 1. HP: 14/14 MP: 2/2
    73 | D:1      | Reached XP level 2. HP: 16/18 MP: 3/3
   852 | D:2      | Reached XP level 3. HP: 23/23 MP: 4/4
  1090 | D:2      | Reached skill level 5 in Stealth
  1090 | D:2      | Reached XP level 4. HP: 25/27 MP: 5/5
  1179 | D:2      | Noticed Jessica
  1181 | D:2      | Killed Jessica
  1302 | D:2      | Found a white marble altar of Elyvilon.
  1727 | D:3      | Reached skill level 6 in Stealth
  2189 | D:3      | Reached XP level 5. HP: 30/30 MP: 6/6
  2625 | D:4      | Reached skill level 7 in Stealth
  2670 | D:4      | Noticed a hungry ghost
  2695 | D:4      | Killed a hungry ghost
  2695 | D:4      | Reached skill level 8 in Stealth
  2695 | D:4      | Gained mutation: You heal very quickly. [Vine Stalker growth]
  2695 | D:4      | Reached XP level 6. HP: 18/35 MP: 5/7
  2835 | D:4      | Noticed an ogre
  2851 | D:4      | Killed an ogre
  2851 | D:4      | Reached skill level 9 in Stealth
  2922 | D:4      | Reached XP level 7. HP: 39/39 MP: 8/8
  3229 | D:4      | Found a shimmering altar of Xom.
  3276 | D:5      | Entered Level 5 of the Dungeon
  3444 | D:5      | Reached skill level 10 in Stealth
  3737 | D:5      | Found a stormy altar of Qazlal.
  3903 | D:5      | Reached skill level 11 in Stealth
  4004 | D:5      | Noticed Menkaure
  4284 | D:6      | Gained mutation: You have razor-sharp teeth. [Vine Stalker growth]
  4284 | D:6      | Reached XP level 8. HP: 44/44 MP: 9/9
  4399 | D:6      | Reached skill level 1 in Short Blades
  4771 | D:6      | Noticed a yak
  4773 | D:6      | Noticed a yak
  4773 | D:6      | Noticed a yak
  4775 | D:6      | Noticed a yak
  4780 | D:6      | Reached skill level 1 in Dodging
  4803 | D:6      | Killed a yak
  4881 | D:5      | Found a deep blue altar of Sif Muna.
  4895 | D:5      | Got a crude trident
  4896 | D:5      | Identified the cursed +2 trident of Tueck {freeze, rC- rN+ MR+++ Stlth+} (You found it on level 5 of the Dungeon)
  4952 | D:5      | Slain by a yak

Vault maps used:
D:1:      ncdulo_watergridlock
D:2:      marbit_many_paths, uniq_jessica
D:4:      xom_butterflies, st_stairs_6
D:5:      nicolae_overflow_hidden_temple, old_standard_altar, first_bread,
          uniq_menkaure

Action                   |  1- 3 |  4- 6 |  7- 9 || total
-------------------------+-------+-------+-------++-------
Melee: Shortbow          |    13 |       |       ||    13
       Dagger            |    32 |    73 |   152 ||   257
       Trident           |       |       |     3 ||     3
 Fire: Shortbow          |    47 |    59 |    59 ||   165
Evoke: Wand              |       |       |     6 ||     6
  Use: Scroll            |       |     2 |     1 ||     3
 Stab: Sleeping          |     1 |     1 |     2 ||     4
  Eat: Chunk             |     1 |     7 |     5 ||    13
       Meat ration       |       |     1 |       ||     1
       Fruit             |       |       |     1 ||     1
